Kiwen, lawful female human Samurai -- -- -- ---- --.--.- ---- |.?............--.*| -.......!...<...--- --- ----..*.....| --.).....-- |.)......---- --..........| --..........| - |.............| |.....@.....--- |......G....| --........--- .........G| -----......| --...... |....... ---...... -...... ........ --------- Kiwen the Ronin Experience level: 5 Strength: 18 Dexterity: 15 Constitution: 18 Intelligence: 10 Wisdom: 7 Charisma: 7 Health: 0(51) Energy: 16(16) Def: 6 Gold: 552 Moves: 1329 Dungeon seed: XT65GKBnR4eW2vFg Game ID: Kiwen_1437833216 Your Inventory: Coins $ - 552 gold pieces Weapons a - a +0 katana named Starting (weapon in hand) b - a +2 wakizashi c - a +1 yumi (alternate weapon; not wielded) d - 47 +0 ya (in quiver) Armor e - an uncursed rustproof +0 splint mail (being worn) n - an uncursed +2 dunce cap Comestibles k - 2 uncursed gunyoki M - an uncursed tripe ration Scrolls g - a blessed scroll of genocide j - a blessed scroll of identify m - an uncursed scroll of teleportation s - an uncursed scroll of gold detection G - a blessed scroll of blank paper H - an uncursed scroll of blank paper K - an uncursed scroll of identify Potions l - a blessed potion of gain ability r - an uncursed potion of levitation B - an uncursed potion of healing Wands p - a cursed wand of enlightenment (0:15) w - a blessed wand of secret door detection (0:14) A - a wand of light (0:15) N - a wand of polymorph (0:1) Tools f - an uncursed blindfold q - an uncursed osaku v - an uncursed skeleton key D - 3 cursed tallow candles (0:200) E - 11 uncursed tallow candles (0:200) I - a crystal ball (0:3) L - an uncursed partly used tallow candle (lit) (0:117) O - 2 uncursed wax candles (0:400) Spells and supernatural/magical abilities: Name Level Category Fail Memory m - magic missile 2 attack 100% 99% W - pray for help -- divine ? -- Your skills at the end: Fighting Skills martial arts [Basic] Weapon Skills short sword [Basic] long sword [Basic] bow [Basic] Spellcasting Skills Final Attributes: You were fervently aligned. You were fast. You are dead. Vanquished creatures: 2 gnome lords a paper golem a homunculus an iguana a large kobold a green mold 13 gnomes 2 geckos 5 jackals a fox a kobold 5 grid bugs 3 bats 3 lichens 2 kobold zombies 42 creatures vanquished. Voluntary challenges: You were an atheist. You used a wielded weapon 54 times, starting on turn 2. You read items or engraved 2 times, starting on turn 1094. You never genocided any monsters. You polymorphed 12 items, starting on turn 1308. You never changed form. You used no wishes. You never split a pudding. You never wrote Elbereth's name. You never violated your personal moral code. You abstained from Elbereth's help. Dungeon overview: The Dungeons of Doom: levels 1 to 3 Level 1 a fountain a long staircase Level 2 Level 3 stairs to The Gnomish Mines The Gnomish Mines: levels 4 to 6 Level 4 stairs to The Dungeons of Doom Level 5 Level 6 <- You were here History has recorded: On T:1 you entered the Dungeons of Doom to retrieve the Amulet of Yendor! On T:317 you reached level 2 of The Dungeons of Doom. On T:351 you advanced to experience level 2. On T:523 you advanced to experience level 3. On T:633 you reached level 3 of The Dungeons of Doom. On T:901 you reached level 1 of The Gnomish Mines. On T:922 you advanced to experience level 4. On T:1240 you advanced to experience level 5. On T:1310 you reached level 2 of The Gnomish Mines. On T:1320 you reached level 3 of The Gnomish Mines. Score breakdown: Gold: 552 ( 55 points) Experience: 5 levels ( 400 points) Exploration: 6 levels ( 150 points) Discoveries: 5 items ( 250 points) Variety of kills: 15 monsters ( 750 points) Major goal: (nothing yet) ( 0 points) Survival: died (score multiplied by 3) Total score: 4815 Latest messages: You hit the gnome lord! The gnome lord swings his crossbow. The gnome lord hits! You die... Final status: Sayonara Kiwen the Samurai, killed by a gnome lord... You died in The Gnomish Mines on dungeon level 6 with 4815 points, and 552 pieces of gold, after 1329 moves. You were level 5 with a maximum of 51 hit points when you died.